 Dungeon Crawl Stone Soup version 0.21.1-1-g345015f (webtiles) character file.

2343 suicidejoker the Sneak (level 9, -3/76 (78) HPs)
             Began as a Deep Dwarf Venom Mage on Feb 23, 2018.
             Was a Follower of Cheibriados.
             Slain by an iguana (9 damage)
             ... on level 7 of the Dungeon.
             The game lasted 00:39:38 (6680 turns).

suicidejoker the Sneak (Deep Dwarf Venom Mage)      Turns: 6680, Time: 00:39:39

HP:   -3/76 (78)    AC: 12    Str: 18    XL:     9   Next: 20%
MP:   14/14         EV:  7    Int: 18    God:    Cheibriados [*.....]
Gold: 414           SH:  0    Dex: 17    Spells: 9/16 levels left

rFire    . . .     SeeInvis .   i - +2 dagger (vamp)
rCold    . . .     Gourm    .   (no shield)
rNeg     . . .     Faith    .   E - +0 plate armour
rPois    .         Spirit   .   l - +0 helmet
rElec    .         Reflect  .   h - scarf {cloud immunity}
rCorr    .         Harm     .   (no gloves)
MR       +....                  F - +0 pair of boots
Stlth    ..........             (no amulet)
HPRegen  0.00/turn              (no ring)
MPRegen  0.14/turn              (no ring)

@: non-regenerating, very slow
A: damage resistance, heal wounds, sense surroundings 2, no regeneration
a: Heal Wounds, Bend Time, Renounce Religion


You were on level 7 of the Dungeon.
You worshipped Cheibriados.
Cheibriados was aware of your devotion.
You were hungry.

You visited 2 branches of the dungeon, and saw 8 of its levels.

You collected 414 gold pieces.

Inventory:

Hand Weapons
 c - a +0 mace of protection
 d - a +0 whip of pain
 i - a +2 vampiric dagger (weapon)
 m - a +1 vampiric spear
 s - a +0 mace of crushing
 t - a +4 quarterstaff of chaos
 v - a +0 mace of protection
 w - a +2 hunting sling of flaming
 C - a cursed -2 hand axe
 D - a +0 shortbow
 H - a +0 hunting sling
Missiles
 f - 14 tomahawks (quivered)
 g - 227 stones
 j - 19 sling bullets
 x - 54 bolts
 A - 29 poisoned needles
 G - 66 arrows
Armour
 a - a +1 robe
 h - a scarf of cloud immunity (worn)
 l - a +0 helmet (worn)
 u - a +0 cloak
 E - a +0 plate armour (worn)
 F - a +0 pair of boots (worn)
 I - a scarf of spirit shield
Magical Staves
 z - an uncursed staff of air {unknown}
Jewellery
 r - an uncursed ring of ice
Wands
 k - a wand of iceblast (20)
 y - a wand of digging (3)
 J - a wand of polymorph (10)
 N - a wand of enslavement (13)
Scrolls
 e - 2 scrolls of amnesia
 p - a scroll of magic mapping
 q - 4 scrolls of teleportation
 K - 2 scrolls of identify
Potions
 o - 2 potions of flight
 M - a potion of berserk rage {unknown}
Books
 b - a Young Poisoner's Handbook

   Spells                             Type                      Level
   a - Sting                          Conjuration/Poison           1
   b - Poisonous Vapours              Poison/Air                   2
   c - Mephitic Cloud                 Conjuration/Poison/Air       3
   d - Olgreb's Toxic Radiance        Poison                       4
   e - Venom Bolt                     Conjuration/Poison           5
 B - a book of Callings

   Spells                             Type                      Level
   a - Summon Small Mammal            Summoning                    1
   b - Call Imp                       Summoning                    2
   c - Call Canine Familiar           Summoning                    3
   d - Summon Guardian Golem          Hexes/Summoning              3
   e - Summon Lightning Spire         Summoning/Air                4
   f - Summon Ice Beast               Ice/Summoning                4
Comestibles
 n - 13 rations


   Skills:
 * Level 3.8 Fighting
 * Level 4.1 Short Blades
 - Level 0.5 Polearms
 + Level 1.1 Armour
 + Level 4.6 Dodging
 + Level 5.5 Stealth
 * Level 4.3 Spellcasting
 * Level 4.5 Conjurations
 * Level 4.9 Poison Magic
 + Level 1.3 Invocations


You had 9 spell levels left.
You knew the following spells:

 Your Spells              Type           Power        Failure   Level  Hunger
a - Sting                 Conj/Pois      ###.         71%         1    None
b - Mephitic Cloud        Conj/Pois/Air  ###.....     99%         3    ###....
c - Summon Small Mammal   Summ           #...         100%        1    None
d - Call Imp              Summ           #.......     100%        2    ##.....


Dungeon Overview and Level Annotations

Branches:
Dungeon (7/15)             Temple (1/1) D:5

Altars:
Cheibriados
Dithmenos
Elyvilon
Fedhas
Gozag
Makhleb
Okawaru
Qazlal
Ru
Trog
Wu Jian
Xom
Yredelemnul
Zin


Innate Abilities, Weirdness & Mutations

You are resistant to damage.
You can heal yourself by infusing magical energy.
You passively map the area around you.
You do not regenerate.


Message History

Confirm with . or Enter, or press ? or * to list all spells.
Okay, then.
Unknown command.
Okay, then.
Okay, then.
You hit the iguana.
You feel better.
The iguana is lightly wounded.
The iguana bites you.
* * * LOW HITPOINT WARNING * * *
You closely miss the iguana.
The iguana is lightly wounded.
The iguana bites you.
You hit the iguana but do no damage.
The iguana is lightly wounded.
The iguana bites you.
* * * LOW HITPOINT WARNING * * *
You hit the iguana but do no damage.
The iguana is lightly wounded.
The iguana bites you!
You die...

*, * * * *.#.# ,** *
, *...# *,* * #..# *
, #/.# ,
###########..# * *
.......<..#..# *
*#########.#..######
* #..@l../... * ,*,
#.##.##.### ,
#.#*.#* , , * **
**#.#*.# ** * *** ,
, ... .# , ,* #.# ##
* , ..# ,, * #. ***,
* *


You could see an iguana.

Vanquished Creatures
  Eustachio (D:5)
  Menkaure (D:5)
  2 water moccasins (D:6)
  An ice beast (D:5)
  An orc warrior (D:4)
  3 necrophages (D:6)
  3 ogres
  A centaur (D:5)
  A bullfrog (D:6)
  A gnoll sergeant (D:6)
  2 scorpions (D:4)
  A howler monkey (D:6)
  2 crimson imps
  5 hounds
  2 orc wizards
  Crazy Yiuf (D:3)
  An orc priest (D:6)
  Ijyb (D:5)
  Natasha (thrice) (D:3)
  3 worker ants
  A killer bee zombie (D:6)
  2 hound zombies (D:6)
  A worker ant zombie (D:6)
  4 gnolls (D:6)
  6 adders
  A shadow imp (D:6)
  An adder skeleton (D:5)
  An adder zombie (D:6)
  4 worms
  2 dart slugs (D:2)
  A leopard gecko (D:3)
  5 orcs
  A ball python (D:4)
  6 giant cockroaches
  16 goblins
  7 hobgoblins
  2 jackals (D:6)
  9 kobolds
  2 quokkas
  A ball python skeleton (D:5)
  5 bats
  13 frilled lizards
  7 rats
134 creatures vanquished.

Vanquished Creatures (collateral kills)
  A necrophage (D:6)
  A howler monkey (D:6)
  A hound zombie (D:6)
  An orc (D:6)
4 creatures vanquished.

Vanquished Creatures (others)
  2 bushes (D:6)
  11 plants (D:6)
13 creatures vanquished.

Grand Total: 151 creatures vanquished

Notes
Turn   | Place    | Note
-------+----------+-------------------------------------------
     0 | D:1      | suicidejoker the Deep Dwarf Venom Mage began the quest for the Orb.
     0 | D:1      | Reached XP level 1. HP: 15/15 MP: 3/3
    18 | D:1      | Reached skill level 1 in Conjurations
    84 | D:1      | Reached XP level 2. HP: 17/22 MP: 0/4
  1412 | D:2      | Reached XP level 3. HP: 28/28 MP: 0/6
  1529 | D:2      | Reached skill level 3 in Stealth
  1569 | D:2      | Found a white marble altar of Elyvilon.
  1783 | D:2      | Reached skill level 1 in Short Blades
  1895 | D:2      | Reached XP level 4. HP: 17/36 MP: 7/7
  2152 | D:3      | Found a runed door.
  2215 | D:3      | Noticed Crazy Yiuf
  2222 | D:3      | Killed Crazy Yiuf
  2370 | D:3      | Noticed Natasha
  2384 | D:3      | Killed Natasha
  2384 | D:3      | Reached XP level 5. HP: 14/43 MP: 8/8
  2552 | D:3      | Noticed Natasha
  2560 | D:3      | Killed Natasha
  2630 | D:3      | Noticed Natasha
  2648 | D:3      | Killed Natasha
  2648 | D:3      | Reached skill level 1 in Fighting
  2694 | D:3      | Learned a level 3 spell: Mephitic Cloud
  2714 | D:3      | Found a burning altar of Makhleb.
  2794 | D:3      | Found a sacrificial altar of Ru.
  2829 | D:3      | Reached XP level 6. HP: 18/51 MP: 9/9
  3263 | D:4      | Reached skill level 4 in Stealth
  3469 | D:4      | Reached XP level 7. HP: 47/60 MP: 3/11
  3922 | D:5      | Entered Level 5 of the Dungeon
  3940 | D:5      | Noticed Eustachio
  4043 | D:5      | Killed Eustachio
  4241 | D:5      | Found a bloodstained altar of Trog.
  4325 | D:5      | Noticed Ijyb
  4353 | D:5      | Killed Ijyb
  4388 | D:5      | Reached XP level 8. HP: 48/68 MP: 9/13
  4504 | D:5      | Noticed Menkaure
  4535 | D:5      | Killed Menkaure
  4538 | D:5      | Learned a level 1 spell: Summon Small Mammal
  4543 | D:5      | Found a staircase to the Ecumenical Temple.
  4550 | Temple   | Entered the Ecumenical Temple
  4559 | Temple   | Became a worshipper of Cheibriados the Contemplative
  5181 | D:6      | Reached skill level 5 in Stealth
  5606 | D:6      | Reached * piety under Cheibriados
  6083 | D:6      | Gained mutation: You passively map the area around you. [Deep Dwarf growth]
  6083 | D:6      | Reached XP level 9. HP: 35/76 MP: 10/14
  6293 | D:6      | Found a blossoming altar of Fedhas.
  6367 | D:6      | Reached skill level 1 in Invocations
  6414 | D:6      | Reached skill level 1 in Armour
  6619 | D:6      | Learned a level 2 spell: Call Imp
  6680 | D:7      | Slain by an iguana

Skill      XL: |  1  2  3  4  5  6  7  8  9 |
---------------+----------------------------+-----
Conjurations   | 1 2 3 4 |  4.5
Spellcasting   | 2 3 4 |  4.3
Stealth        | 3 4 5 |  5.5
Short Blades   | 1 2 3 4 |  4.1
Poison Magic   | 3 4 |  4.9
Fighting       | 1 2 3 |  3.8
Dodging        | 3 4 |  4.6
Invocations    | 1 |  1.3
Armour         | 1 |  1.1
Polearms       | |  0.5

Action                   |  1- 3 |  4- 6 |  7- 9 || total
-------------------------+-------+-------+-------++-------
Melee: Unarmed           |    20 |       |       ||    20
       Dagger            |   147 |   183 |   569 ||   899
       Spear             |       |    29 |       ||    29
 Cast: Sting             |    43 |    24 |     6 ||    73
       Mephitic Cloud    |       |     6 |    24 ||    30
       Summon Small Mamm |       |       |    20 ||    20
 Abil: Heal Wounds       |     1 |       |     5 ||     6
Evoke: Wand              |       |       |     1 ||     1
  Use: Scroll            |     7 |     2 |     3 ||    12
       Potion            |       |     4 |     2 ||     6
 Stab: Sleeping          |     1 |     5 |     4 ||    10
       Confused          |       |     3 |    12 ||    15
       Fleeing           |       |       |     2 ||     2
       Distracted        |       |       |     2 ||     2
  Eat: Chunk             |     5 |     5 |    12 ||    22
       Ration            |     1 |     3 |       ||     4
Armor: Robe              |    29 |    29 |    74 ||   132
Dodge: Dodged            |   106 |    84 |   329 ||   519
